 Dungeon Crawl Stone Soup version 0.31-a0-1-g4198be8af4 (webtiles) character file.

Game seed: 1223587043842131943

4303 greasedhog the Cleaver (level 10, -4/85 HPs)
             Began as a Formicid Fighter on May 1, 2023.
             Was a High Priest of Okawaru.
             Killed from afar by a gargoyle (25 damage)
             ... with a stone arrow
             ... on level 8 of the Dungeon.
             The game lasted 00:09:54 (6807 turns).

greasedhog the Cleaver (Formicid Fighter)           Turns: 6807, Time: 00:09:56

Health: -4/85      AC: 11    Str: 31    XL:     10   Next: 58%
Magic:  12/12      EV:  8    Int:  8    God:    Okawaru [*****.]
Gold:   496        SH:  5    Dex: 13    Spells: 9/9 levels left

rFire   . . .        A - +2 battleaxe
rCold   . . .        c - +0 buckler
rNeg    . . .        x - +0 chain mail
rPois   .            (helmet unavailable)
rElec   .            B - scarf {repulsion}
rCorr   .            g - +0 pair of gloves
SInv    +            h - +0 pair of boots
Will    +....        (no amulet) Stlth
                     E - +6 ring of strength
HPRegen 0.34/turn    (no ring)
MPRegen 0.13/turn

%: repel missiles
@: no status effects
A: permanent stasis, dig shafts and tunnels, antennae 3, four strong arms
a: Dig, Shaft Self, Renounce Religion, Heroism, Finesse, Duel


You were on level 8 of the Dungeon.
You worshipped Okawaru.
Okawaru was extremely pleased with you.
You visited 2 branches of the dungeon, and saw 9 of its levels.

You collected 496 gold pieces.

Inventory:

Hand Weapons
 a - a +5 flail
 A - a +2 battleaxe (weapon)
 C - a +2 morningstar of flaming
Missiles
 q - a throwing net (quivered)
Armour
 c - a +0 buckler (worn)
 g - a +0 pair of gloves (worn)
 h - a +0 pair of boots (worn)
 x - a +0 chain mail (worn)
 B - a scarf of repulsion (worn)
Jewellery
 E - a +6 ring of strength (left hand)
Wands
 y - a wand of flame (34)
 F - a wand of paralysis (12)
 I - a wand of iceblast (7)
Scrolls
 i - a scroll of fear
 k - 2 scrolls of enchant weapon
 n - a scroll of brand weapon
 o - a scroll of enchant armour {unknown}
 p - a scroll of silence
 r - 2 scrolls of immolation {unknown}
 s - a scroll of magic mapping {unknown}
 v - 3 scrolls of poison
 w - a scroll of amnesia {unknown}
 z - a scroll of torment {unknown}
Potions
 b - 2 potions of brilliance
 d - a potion of might
 e - a potion of ambrosia {unknown}
 j - a potion of lignification {unknown}
 l - a potion of invisibility
 m - 9 potions of curing
 t - 2 potions of flight {unknown}
 u - 3 potions of heal wounds {unknown}
 D - a potion of degeneration {unknown}
 G - a potion of haste {unknown}


   Skills:
 + Level 9.8 Fighting
 * Level 12.0 Axes
 - Level 3.2 Armour
 - Level 4.0 Shields
 - Level 2.8 Invocations


You had 9 spell levels left.
You didn't know any spells.
Your spell library contained the following spells:

 Spells                   Type           Power      Damage    Failure   Level
 Kiss of Death            Conj/Necr      0%         2d5       90%         1
 Cigotuvi's Dreadful Rot  Necr/Pois/Air  0%         N/A       97%         2
 Confusing Touch          Hex            0%         N/A       99%         3
 Dispel Undead            Necr           0%         3d6       100%        4
 Arcjolt                  Conj/Air       0%         1d10      100%        5
 Plasma Beam              Fire/Air       0%         2x1d11    100%        6
 Summon Small Mammal      Summ           Unusable   N/A       N/A         1
 Call Canine Familiar     Summ           Unusable   N/A       N/A         3
 Summon Guardian Golem    Hex/Summ       Unusable   N/A       N/A         3
 Vhi's Electric Charge    Tloc/Air       Unusable   N/A       N/A         3
 Death Channel            Necr           Unusable   N/A       N/A         6

Dungeon Overview and Level Annotations

Branches:
Dungeon (8/15)             Temple (1/1) D:4
   Lair: D:8-11

Altars:
Ashenzari
Cheibriados
Dithmenos
Elyvilon
Fedhas
Gozag
Hepliaklqana
Kikubaaqudgha
Makhleb
Nemelex Xobeh
Okawaru
Qazlal
Ru
Sif Muna
Trog
Uskayaw
Vehumet
Wu Jian
Xom
Yredelemnul
Zin
The Shining One

Shops:
D:1 [

Annotations:
D:5 3 runed translucent doors, BillyBaka's ghost, novice MiFi; holysushi's ghost, novice OpMo


Innate Abilities, Weirdness & Mutations

You cannot be hasted, slowed, berserked, paralysed or teleported.
You can dig through walls and to a lower floor.
You have a pair of large antennae on your head. (SInv)
Your four strong arms can wield two-handed weapons with a shield.


Message History

The stone arrow is repelled.
Found 5 gold pieces.
The gargoyle hits you but does no damage.
There is an open door here.
You barely miss the gargoyle. The gargoyle hits you with a +0 flail!
You hit the gargoyle but do no damage.
The gargoyle hits you but does no damage.
You slice the gargoyle!!
You destroy the gargoyle!
Okawaru accepts your kill.
Your Axes skill increases to level 12!
You now have 496 gold pieces (gained 5).
You see here a +0 flail.
There is an open door, spattered with blood here.
As you open the door, it creaks loudly!
A gargoyle comes into view. It is wielding a +0 morningstar.
You barely miss the gargoyle. The gargoyle closely misses you.
You hit the gargoyle but do no damage.
The gargoyle hits you with a +0 morningstar.
You barely miss the gargoyle.
The gargoyle hits you with a +0 morningstar!
You hit the gargoyle but do no damage.
The gargoyle hits you with a +0 morningstar!!
You barely miss the gargoyle.
The gargoyle hurls a stone arrow at you.
The stone arrow misses you.
You slash the gargoyle!
The gargoyle is moderately damaged.
The gargoyle hits you with a +0 morningstar!!
You barely miss the gargoyle.
The gargoyle is moderately damaged.
The gargoyle hits you with a +0 morningstar!
* * * LOW HITPOINT WARNING * * *
You hit the gargoyle.
The gargoyle is moderately damaged.
The gargoyle hurls a stone arrow at you.
The stone arrow misses you.
The gargoyle hurls a stone arrow at you.
The stone arrow hits you!!
You die...

#..........<.#
######..####.# #..# #.#
###..####.# #......?..###
#...#######...########
#.## ### ###........# #.
##+.9## #..#####.# #
###+....@+###.#####.#
#[#.......#)#....##.#
#).......'##.##.##.#####
#....8....##.##.........
##).......'##........####
#.#.......#)#.#####.>####
###'.....'###.# #......
#.
#8##...##8#..#####.#####
#..###8.†.8###........#


You could see a gargoyle.

Vanquished Creatures
  Pikel (D:6)
  4 gargoyles (D:8)
  Prince Ribbit (D:8)
  Sigmund (D:6)
  Menkaure (D:4)
  A water moccasin (D:7)
  An orc warrior (D:7)
  2 black bears (D:6)
  2 ogres
  A centaur (D:5)
  A kobold brigand (D:8)
  A bullfrog (D:7)
  2 scorpions
  9 wights
  A howler monkey (D:3)
  3 jellies
  3 hounds
  A gnoll bouda (D:7)
  2 orc priests
  6 iguanas
  2 sleepcaps
  2 orc wizards (D:7)
  3 gnolls (D:7)
  13 adders
  A white imp (D:6)
  3 worms
  3 dart slugs
  16 orcs
  3 ball pythons
  4 endoplasms
  2 giant cockroaches (D:4)
  8 goblins
  5 hobgoblins
  8 jackals
  7 quokkas
  7 bats
  6 frilled lizards
  11 kobolds
  2 rats
150 creatures vanquished.

Notes
Turn   | Place    | Note
-------+----------+-------------------------------------------
     0 | D:1      | greasedhog the Formicid Fighter began the quest for the
                  | Orb.
     0 | D:1      | Reached XP level 1. HP: 18/18 MP: 1/1
    62 | D:1      | Reached XP level 2. HP: 24/24 MP: 2/2
   402 | D:1      | Found Anuneby's Antique Armour Shoppe.
   876 | D:2      | Reached XP level 3. HP: 29/30 MP: 3/3
   893 | D:2      | Reached skill level 3 in Axes
  1704 | D:3      | Reached XP level 4. HP: 32/37 MP: 4/4
  2381 | D:3      | Found an opulent altar of Gozag.
  2469 | D:3      | Reached skill level 4 in Axes
  2469 | D:3      | Reached XP level 5. HP: 27/42 MP: 5/5
  3040 | D:4      | Identified the +2 leather armour "Sigul" {Int+2}
  3084 | D:4      | Found a staircase to the Ecumenical Temple.
  3098 | Temple   | Entered the Ecumenical Temple
  3105 | Temple   | Became a worshipper of Warmaster Okawaru
  3133 | D:4      | Noticed Menkaure
  3145 | D:4      | Killed Menkaure
  3146 | D:4      | Reached skill level 5 in Fighting
  3146 | D:4      | Reached skill level 5 in Axes
  3146 | D:4      | Reached XP level 6. HP: 19/51 MP: 6/6
  3444 | D:5      | Entered Level 5 of the Dungeon
  3499 | D:5      | Reached * piety under Okawaru
  3500 | D:5      | Reached skill level 1 in Invocations
  3500 | D:5      | Reached XP level 7. HP: 44/56 MP: 7/7
  3632 | D:5      | Reached skill level 6 in Axes
  3877 | D:5      | Found a runed translucent gate.
  3881 | D:5      | Found a runed translucent gate.
  3881 | D:5      | Found a runed translucent gate.
  3881 | D:5      | Noticed BillyBaka's ghost (novice MiFi)
  3881 | D:5      | Noticed holysushi's ghost (novice OpMo)
  4127 | D:6      | Reached XP level 8. HP: 64/64 MP: 8/10
  4228 | D:6      | Reached ** piety under Okawaru
  4229 | D:6      | Reached skill level 7 in Axes
  4575 | D:6      | Reached skill level 8 in Axes
  4901 | D:6      | Noticed Pikel
  4930 | D:6      | Killed Pikel
  4930 | D:6      | Reached *** piety under Okawaru
  4931 | D:6      | Reached skill level 9 in Axes
  4931 | D:6      | Reached XP level 9. HP: 73/73 MP: 11/11
  5163 | D:6      | Noticed Sigmund
  5168 | D:6      | Killed Sigmund
  5250 | D:6      | Found a white marble altar of Elyvilon.
  5250 | D:6      | Found a shadowy altar of Dithmenos.
  5254 | D:6      | Found a bloodstained altar of Trog.
  5385 | D:7      | Reached skill level 10 in Axes
  5468 | D:7      | Reached **** piety under Okawaru
  5988 | D:7      | Reached XP level 10. HP: 71/82 MP: 12/12
  6589 | D:8      | Noticed Prince Ribbit
  6613 | D:8      | Killed Prince Ribbit
  6614 | D:8      | Reached skill level 11 in Axes
  6618 | D:8      | Noticed a gargoyle
  6621 | D:8      | Killed a gargoyle
  6624 | D:8      | Noticed a gargoyle
  6626 | D:8      | Killed a gargoyle
  6746 | D:8      | Noticed a gargoyle
  6749 | D:8      | Killed a gargoyle
  6749 | D:8      | Reached ***** piety under Okawaru
  6789 | D:8      | Noticed a gargoyle
  6793 | D:8      | Killed a gargoyle
  6794 | D:8      | Reached skill level 12 in Axes
  6799 | D:8      | Noticed a gargoyle
  6807 | D:8      | Killed from afar by a gargoyle

Illustrated notes

Levels and vault maps discovered:
D:1:      zaba_arrival_water, layout_loops_ring, serial_shops,
          nicolae_shop_hallway_plus
D:2:      cheibrodos_old_hovel, layout_basic
D:3:      minmay_razor_zed, layout_loops_ring, grunt_gozag_breadcrumbs
D:4:      layout_basic, temple_green, chequers_serial_rivers_room_b,
          uniq_menkaure
D:5:      layout_rooms, serial_corexii_hall, chequers_hall_statues_wall_a,
          corexii_hall_statues_x, gammafunk_ghost_cemetery
D:6:      layout_basic, minitemple, nicolae_half_adder, uniq_pikel, uniq_sigmund
D:7:      hellmonk_destroyed_diamonds, layout_loops_ring, st_stairs_1,
          nicolae_sextant
D:8:      cheibrodos_statue_roulette, layout_loops_ring, uniq_prince_ribbit1
Temple:   nicolae_temple_no_exploring_needed

Skill      XL: |  1  2  3  4  5  6  7  8  9 10 |
---------------+-------------------------------+-----
Axes           | 3 4 5 6 9 10 12 | 12.0
Fighting       | 4 5 7 8 9 |  9.8
Invocations    | 1 2 |  2.8
Armour         | |  3.2
Shields        | |  4.0

Action                     |  1- 3 |  4- 6 |  7- 9 | 10-12 || total
---------------------------+-------+-------+-------+-------++-------
  Melee: War axe           |    85 |   124 |    73 |       ||   282
         Battleaxe         |       |       |   131 |    48 ||   179
  Throw: Throwing net      |       |       |     1 |       ||     1
  Evoke: Wand              |       |       |     3 |     9 ||    12
    Use: Scroll            |     1 |     7 |       |     2 ||    10
         Potion            |       |     1 |       |       ||     1
   Stab: Held in net/web   |       |       |     2 |       ||     2
 Armour: Scale mail        |    39 |    47 |       |       ||    86
         Chain mail        |       |    14 |    87 |    10 ||   111
  Dodge: Dodged            |    43 |    45 |    87 |    21 ||   196
         Repelled          |       |       |       |     2 ||     2
  Block: Buckler           |    26 |    37 |    52 |     6 ||   121

Table legend: (Time is in decaauts)
 A = Elapsed time spent in this place.
 B = Non-inter-level travel time spent in this place.
 C = Inter-level travel time spent in this place.
 D = Time resting spent in this place.
 E = Time spent auto-exploring this place.
 F = Levels seen in this place.
 G = Mean time per level.
                   A        B        C        D        E       F      G
               +--------+--------+--------+--------+--------+-----+--------+
         Total |   6946 |   6725 |    221 |   1075 |   4296 |   9 |  771.8 |
       Dungeon |   6932 |   6724 |    208 |   1075 |   4296 |   8 |  866.5 |
        Temple |     14 |      1 |     13 |      0 |      0 |   1 |   14.0 |
               +--------+--------+--------+--------+--------+-----+--------+

Top non-repeatable levels by time:
     D:3: 1323 daAuts
     D:6: 1259 daAuts
     D:7: 1130 daAuts
     D:1: 815 daAuts
     D:2: 735 daAuts
     D:5: 677 daAuts
     D:4: 633 daAuts
     D:8: 356 daAuts
  Temple: 14 daAuts
